 Dungeon Crawl Stone Soup version 0.31-a0-557-g6e16503903 (webtiles) character file.

Game seed: 1475302798562924772

518 Aj7335 the Chopper (level 7, -9/91 HPs)
             Began as a Minotaur Berserker on Aug 16, 2023.
             Was a Priest of Trog.
             Mangled by Menkaure (14 damage)
             ... on level 6 of the Dungeon.
             The game lasted 00:07:37 (4378 turns).

Aj7335 the Chopper (Minotaur Berserker)             Turns: 4378, Time: 00:07:38

Health: -9/91      AC: 13    Str: 21    XL:     7   Next: 1%
Magic:  6/6        EV:  9    Int:  8    God:    Trog [***...]
Gold:   42         SH:  0    Dex: 10    Spells: 6/6 levels left

rFire   . . .        a - +0 hand axe
rCold   + + .        (no shield)
rNeg    . . .        w - +2 chain mail {rF+}
rPois   .            (helmet restricted)
rElec   .            (no cloak)
rCorr   .            j - +0 pair of gloves
SInv    .            (no boots)
Will    .....        (no amulet) Stlth
                     u - ring of ice
HPRegen 0.35/turn    (no ring)
MPRegen 0.10/turn

%: no passive effects
@: berserking, very quick
A: horns 2, retaliatory headbutt, clever 1, cold resistance 1, shaggy fur 1
a: Renounce Religion, Berserk, Trog's Hand


You were on level 6 of the Dungeon.
You worshipped Trog.
Trog was most pleased with you.
You visited 1 branch of the dungeon, and saw 5 of its levels.

You collected 321 gold pieces.
You spent 279 gold pieces at shops.

Inventory:

Hand Weapons
 a - a +0 hand axe (weapon)
Armour
 j - a +0 pair of gloves (worn)
 w - a +2 chain mail of fire resistance (worn)
Jewellery
 u - a ring of ice (left hand)
Wands
 k - a wand of iceblast (6)
 t - a wand of digging (8)
Scrolls
 b - 3 scrolls of teleportation
 c - a scroll of amnesia {unknown}
 d - a scroll of enchant weapon {unknown}
 f - a scroll of blinking {unknown}
 g - 2 scrolls of revelation
 n - a scroll of fog {unknown}
 r - a scroll of butterflies {unknown}
 s - a scroll of immolation {unknown}
 v - a scroll of noise {unknown}
 x - a scroll of identify {unknown}
Potions
 e - 2 potions of enlightenment
 h - a potion of lignification {unknown}
 i - a potion of heal wounds {unknown}
 l - a potion of curing {unknown}
 m - a potion of mutation
 o - a potion of invisibility
 p - a potion of ambrosia {unknown}
 q - a potion of brilliance {unknown}


   Skills:
 + Level 5.6 Fighting
 + Level 7.0 Axes
 + Level 4.4 Armour
 + Level 3.3 Dodging
 + Level 0.3 Stealth


You had 6 spell levels left.
You didn't know any spells.
Your spell library contained the following spells:

 Spells                   Type           Power      Damage    Failure   Level
 Ignite Poison            Fire/Tmut/Pois 0%         N/A       100%        3
 Sticky Flame             Conj/Fire      0%         2d3       100%        4
 Ignition                 Fire           0%         3d3       100%        8


Dungeon Overview and Level Annotations

Branches:
Dungeon (4/15)             Temple (0/1) D:4

Altars:
Dithmenos
Elyvilon
Makhleb
Trog
Uskayaw
Wu Jian

Shops:
D:4 [

Annotations:
D:6 Menkaure


Innate Abilities, Weirdness & Mutations

You have a pair of horns on your head.
You reflexively headbutt those who attack you in melee.
Your mind is acute. (Int +4, Str/Dex -1)
Your flesh is cold resistant. (rC+)
You are covered in fur. (AC +1)


Message History

Unknown command.
You hit the iguana but do no damage.
The iguana is heavily wounded.
The iguana bites you but does no damage.
There are monsters nearby!
Unknown command.
There are monsters nearby!
You closely miss the iguana.
The iguana is heavily wounded.
You hit Menkaure but do no damage.
Menkaure calls on the powers of darkness!
The iguana convulses!
Your body is wracked with pain!
The iguana bites you but does no damage.
Unknown command.
You are too injured to fight recklessly!
There are monsters nearby!
Unknown command.
You are too injured to fight recklessly!
Unknown command.
There are monsters nearby!
A red film seems to cover your vision as you go berserk!
You feel yourself moving faster!
You feel mighty! Menkaure closely misses you. The iguana barely misses you.
You slash the iguana!
You kill the iguana!
Trog accepts your kill.
You hit Menkaure but do no damage.
Menkaure calls on the powers of darkness!
Your body is wracked with pain!
* * * LOW HITPOINT WARNING * * *
You have reached level 7!
Menkaure hits you but does no damage.
You barely miss Menkaure. Menkaure hits you!
* * * LOW HITPOINT WARNING * * *
You slash Menkaure!
Menkaure is heavily damaged.
You slash Menkaure!
Menkaure is almost destroyed.
Menkaure hits you!
You die...

.......#.
#######
.....?...
......#
........#
......#
........#
......#
........#
##.####
........# ##.#
........# ##.#
......M@# ##.#
#######.###
##.## ##...#
##..## #..#.####
......
##.#.....#
......
#......#..#####
......
#.....###.....#
......
#.##..###..##.#
.....#
.#.###..#..###.#


You could see Menkaure (fast).

Vanquished Creatures
  A phantom (D:4)
  A scorpion (D:3)
  2 hounds
  An orc priest (D:4)
  3 jellies (D:6)
  An iguana (D:6)
  6 gnolls
  An adder (D:3)
  A white imp (D:6)
  2 ufetubi (D:6)
  2 worms
  2 dart slugs
  9 orcs
  6 ball pythons
  8 endoplasms
  6 giant cockroaches
  4 goblins
  5 hobgoblins
  3 jackals (D:3)
  5 quokkas
  8 bats
  4 frilled lizards
  7 kobolds
  3 rats
91 creatures vanquished.

Vanquished Creatures (others)
  A dart slug (D:1)
1 creature vanquished.

Grand Total: 92 creatures vanquished

Notes
Turn   | Place    | Note
-------+----------+-------------------------------------------
     0 | D:1      | Aj7335 the Minotaur Berserker began the quest for the Orb.
     0 | D:1      | Reached XP level 1. HP: 19/19 MP: 0/0
   177 | D:1      | Reached XP level 2. HP: 27/27 MP: 1/1
   377 | D:1      | Reached skill level 4 in Axes
   946 | D:2      | Reached XP level 3. HP: 33/33 MP: 2/2
   992 | D:2      | Reached ** piety under Trog
  1174 | D:2      | Reached XP level 4. HP: 41/41 MP: 3/3
  1729 | D:3      | Found a bloodstained altar of Trog.
  1796 | D:3      | Noticed a scorpion
  1811 | D:3      | Killed a scorpion
  1812 | D:3      | Reached skill level 5 in Axes
  1812 | D:3      | Reached XP level 5. HP: 23/47 MP: 4/4
  2655 | D:3      | Reached skill level 5 in Fighting
  2662 | D:3      | Reached *** piety under Trog
  2799 | D:3      | Gained mutation: Your flesh is cold resistant. (rC+)
                  | [potion of mutation]
  2799 | D:3      | Gained mutation: You are covered in fur. (AC +1) [potion of
                  | mutation]
  2799 | D:3      | Gained mutation: Your mind is acute. (Int +4, Str/Dex -1)
                  | [potion of mutation]
  3071 | D:4      | Found an ornate altar of the Wu Jian Council.
  3393 | D:4      | Reached skill level 6 in Axes
  3393 | D:4      | Reached XP level 6. HP: 18/56 MP: 5/5
  3754 | D:4      | Found a hide-covered altar of Uskayaw.
  3849 | D:4      | Found a white marble altar of Elyvilon.
  3906 | D:4      | Found a staircase to the Ecumenical Temple.
  3955 | D:4      | Found Qyituav's Armour Boutique.
  3978 | D:4      | Bought a +2 chain mail of fire resistance for 279 gold
                  | pieces
  4101 | D:4      | You fall into a shaft and drop 2 floors!
  4152 | D:6      | Found a burning altar of Makhleb.
  4271 | D:6      | Found a shadowy altar of Dithmenos.
  4282 | D:6      | Reached skill level 7 in Axes
  4365 | D:6      | Noticed Menkaure
  4375 | D:6      | Reached XP level 7. HP: 20/61 MP: 6/6
  4376 | D:6      | HP: 4/91 [Menkaure (16)]
  4378 | D:6      | Mangled by Menkaure

Illustrated notes

Levels and vault maps discovered:
D:1:      minmay_arrival_three_doors, layout_basic, grunt_decor_junction,
          eino_curves_01, minmay_misc_feat_iff, chequers_serial_rivers_micro_b,
          lemuel_flame_loot_1
D:2:      layout_loops_cross, kennysheep_doodads, minmay_misc_feat_tower
D:3:      layout_basic, overflow_temple_1_default
D:4:      layout_cave_pools, mainiacjoe_overflow_boulevard,
          chequers_temple_overflow_statue_of_worship,
          minmay_temple_entry_statues_pillars, serial_shops, shop
D:6:      layout_rooms, nicolae_dithmenos_shadow_blocks,
          makhleb_heckhound_becter, sigmund_edmund_badplayer, uniq_menkaure,
          uniq_jeremiah

Skill      XL: |  1  2  3  4  5  6 |
---------------+-------------------+-----
Fighting       | 4 5 |  5.6
Axes           | 4 5 6 7 |  7.0
Dodging        | 3 |  3.3
Armour         | 3 4 |  4.4
Stealth        | |  0.3

Action                     |  1- 3 |  4- 6 |  7- 9 || total
---------------------------+-------+-------+-------++-------
  Melee: Hand axe          |    74 |   166 |     3 ||   243
         Headbutt          |    16 |    31 |       ||    47
         Punch             |       |     2 |       ||     2
 Invoke: Berserk           |     1 |     2 |       ||     3
    Use: Potion            |       |     4 |       ||     4
         Scroll            |       |     2 |       ||     2
 Armour: Chain mail        |    18 |    18 |     1 ||    37
         Animal skin       |     5 |       |       ||     5
         Plate armour      |       |    70 |       ||    70
  Dodge: Dodged            |    43 |    86 |       ||   129

Table legend: (Time is in decaauts)
 A = Elapsed time spent in this place.
 B = Non-inter-level travel time spent in this place.
 C = Inter-level travel time spent in this place.
 D = Time resting spent in this place.
 E = Time spent auto-exploring this place.
 F = Levels seen in this place.
 G = Mean time per level.
                   A        B        C        D        E       F      G
               +--------+--------+--------+--------+--------+-----+--------+
         Total |   4413 |   4268 |    145 |   1241 |   2404 |   5 |  882.6 |
       Dungeon |   4413 |   4268 |    145 |   1241 |   2404 |   5 |  882.6 |
               +--------+--------+--------+--------+--------+-----+--------+

Top non-repeatable levels by time:
     D:3: 1359 daAuts
     D:4: 1053 daAuts
     D:1: 936 daAuts
     D:2: 789 daAuts
     D:6: 273 daAuts
